 Dungeon Crawl Stone Soup version 0.25.1-2-g60ff931df9 (webtiles) character file.

Game seed: 13585834767605696153

23774 Apogee the Archer (level 12, -25/117 HPs)
             Began as a Centaur Hunter on Oct 12, 2020.
             Was the Champion of Okawaru.
             Killed from afar by a frost giant (31 damage)
             ... with a bolt of cold
             ... in an ice cave.
             The game lasted 00:35:04 (19889 turns).

Apogee the Archer (Centaur Hunter)                 Turns: 19889, Time: 00:35:06

Health: -25/117    AC: 15    Str: 19    XL:     12   Next: 74%
Magic:  15/15      EV:  9    Int: 10    God:    Okawaru [******]
Gold:   844        SH:  0    Dex: 11    Spells: 11/11 levels left

rFire    . . .     SeeInvis .   a - +2 longbow (vorpal)
rCold    . . .     Gourm    .   (shield currently unavailable)
rNeg     . . .     Faith    +   k - +0 plate armour
rPois    .         Spirit   .   (helmet restricted)
rElec    .         Reflect  .   F - +0 cloak
rCorr    .         Harm     .   (no gloves)
MR       .....                  (no barding)
Stlth    ..........             T - amulet of faith
HPRegen  0.29/turn              U - +4 ring of evasion
MPRegen  0.14/turn              (no ring)

@: very quick
A: large, hooves 3, horns 2, molten scales 2, deformed body, speed 2, tough skin
3
a: Heroism, Finesse, Renounce Religion


You were in an ice cave.
You worshipped Okawaru.
Okawaru was exalted by your worship.
You were not hungry.

You visited 2 branches of the dungeon, and saw 15 of its levels.
You also visited: Ice Cave.

You collected 844 gold pieces.

Inventory:

Hand Weapons
 a - a +2 vorpal longbow (weapon)
 b - a +0 short sword
 n - the +8 demon whip of Connep {antimagic, *Slow +Blink Int-5 Stlth+}
   (Okawaru gifted it to you on level 2 of the Lair of Beasts)

   It reduces the magical energy of the wielder, and disrupts the spells and
   magical abilities of those hit.
   Natural abilities and divine invocations are not affected.
   It affects your intelligence (-5).
   It lets you blink.
   It may slow you when you take damage.
   It makes you more stealthy.
 P - a +2 shortbow of flaming
Missiles
 d - 166 arrows (quivered)
Armour
 j - the +2 helmet "Muggownao" {rElec}
   (You found it on level 4 of the Dungeon)

   It insulates you from electricity.
 k - a +0 plate armour (worn)
 D - a +0 scale mail
 F - a +0 cloak (worn)
 G - +0 steam dragon scales
Jewellery
 t - a +4 ring of protection
 y - the amulet of Xucyeh {Inacc Str+5 Dex+2}
   (You found it on level 5 of the Dungeon)

   [amulet of inaccuracy]

   It reduces the accuracy of all your attacks.
   It affects your strength (+5).
   It affects your dexterity (+2).
 E - an uncursed ring of flight
 N - an uncursed amulet of the acrobat
 R - an uncursed ring of poison resistance {unknown}
 T - an amulet of faith (around neck)
 U - a +4 ring of evasion (left hand)
Wands
 x - a wand of flame (13)
 A - a wand of random effects (27)
 C - a wand of enslavement (7)
 I - a wand of clouds (6)
 J - a wand of digging (7)
 L - a wand of iceblast (19)
 Q - a wand of polymorph (14)
Scrolls
 e - 3 scrolls of immolation
 h - 6 scrolls of teleportation
 i - 9 scrolls of fear
 l - 3 scrolls of enchant weapon
 m - 3 scrolls of enchant armour {unknown}
 q - 5 scrolls of remove curse
 r - 4 scrolls of magic mapping
 u - 2 scrolls of blinking
 w - a scroll of random uselessness {unknown}
 B - 3 scrolls of summoning {unknown}
 S - 2 scrolls of noise {unknown}
Potions
 g - 2 potions of haste
 o - 3 potions of magic {unknown}
 p - 2 potions of cancellation
 s - 3 potions of curing
 v - a potion of heal wounds {unknown}
 z - 3 potions of flight
 H - 2 potions of stabbing {unknown}
 K - a potion of invisibility {unknown}
 M - 2 potions of mutation
 O - a potion of lignification {unknown}
Comestibles
 c - 11 chunks of flesh
 f - 22 rations


   Skills:
 - Level 14.0 Fighting
 - Level 0.6 Short Blades
 - Level 14.0 Bows
 - Level 8.0 Armour
 + Level 4.8 Dodging
 - Level 0.4 Stealth
 - Level 4.0 Invocations


You had 11 spell levels left.
You didn't know any spells.
Your spell library contained the following spells:

 Spells                   Type           Power        Failure   Level  Hunger
 Summon Small Mammal      Summ           #...         100%        1    ##.....
 Call Imp                 Summ           #.......     100%        2    ###....
 Call Canine Familiar     Summ           #.......     100%        3    ####...
 Summon Guardian Golem    Hex/Summ       #.......     100%        3    ####...
 Summon Ice Beast         Ice/Summ       #.......     100%        4    #####..
 Summon Lightning Spire   Summ/Air       #.......     100%        4    #####..


Dungeon Overview and Level Annotations

Branches:
Dungeon (12/15)            Temple (0/1) D:6            Lair (3/6) D:10
  Swamp (0/4) Lair:2        Snake (0/4) Lair:2        IceCv (1/1)
    Orc: D:9-12

Altars:
Ashenzari
Cheibriados
Makhleb
Okawaru
Ru
Sif Muna
Uskayaw
Vehumet
Wu Jian
The Shining One

Shops:
D:5 :   D:9 (   D:11 =


Innate Abilities, Weirdness & Mutations

You have hooves in place of feet.
Armour fits poorly on your strangely shaped body.
You cover ground very quickly.
You have extremely tough skin. (AC +3)
You have a pair of horns on your head.
You are mostly covered in molten scales. (AC +3)


Message History

You shoot an arrow.
The arrow hits the frost giant but does no damage.
The frost giant is almost dead.
The frost giant hits you with a +0 battleaxe of freezing!
* * * LOW HITPOINT WARNING * * *
The frost giant freezes you!
* * * LOW HITPOINT WARNING * * *
It was a potion of mutation.
You feel extremely strange.
Molten scales grow over part of your body.
A pair of horns grows on your head!
The +2 helmet "Muggownao" {rElec} falls away!
Molten scales spread over more of your body.
The horns on your head grow some more.
You are engulfed in freezing vapours.
* * * LOW HITPOINT WARNING * * *
The death yak is engulfed in freezing vapours.
The polar bear is engulfed in freezing vapours.
The frost giant points at you and mumbles some strange words.
The bolt of cold hits you!!
You die...

....#.##≈≈##..##.....####..###...
###.#####≈≈≈######....#...###..⌠÷
≈≈### ##≈≈≈#≈ ###....### ##...
#### #≈≈≈≈≈≈≈##..####### #..##
.÷.### #≈≈≈≈≈≈≈##.#.####..####..#
.##..###≈≈≈≈≈≈≈≈≈≈####..##.#..###
..###..#≈≈≈≈≈≈≈§####..#####.###
..##...##≈≈≈≈≈≈#○§○.### ###
######..##≈≈≈###@####
###÷####≈≈≈##☼C# #..## ##YY
###...# ##hh #...### #(☼ ..###
#(k ### .(. # ...


You could see a frost giant, a death yak, 2 polar bears, a yak and a rime drake.

Vanquished Creatures
  A hydra (Lair:2)
  Erica (D:9)
  2 two-headed ogres
  A death yak (IceCv)
  2 black mambas (Lair:2)
  A cyclops (D:11)
  A gargoyle (D:11)
  2 spiny frogs (Lair:2)
  An ice statue (IceCv)
  3 komodo dragons
  Maggie (D:6)
  10 polar bears (IceCv)
  A troll (D:11)
  2 bog bodies (Lair:2)
  5 hippogriffs
  5 blink frogs (Lair:2)
  A shadow (D:11)
  Sigmund (D:5)
  25 yaks
  A basilisk (Lair:1)
  Grum (D:8)
  Edmund (D:5)
  2 wargs (D:10)
  3 nagas (Lair:2)
  2 water moccasins
  2 ice beasts
  3 porcupines
  A black bear (D:11)
  A necrophage (D:11)
  3 ogres
  7 orc warriors
  2 sky beasts
  A phantom (D:9)
  5 centaurs
  3 crocodiles
  16 wolves
  11 bullfrogs
  A wyvern zombie (D:11)
  A wyvern skeleton (D:6)
  6 scorpions
  10 killer bees
  8 wights
  6 electric eels (D:5)
  A howler monkey (D:11)
  3 crimson imps
  A bullfrog zombie (D:11)
  4 hounds
  4 jellies
  12 orc priests
  A gnoll shaman (D:7)
  14 orc wizards
  A centaur skeleton (D:8)
  A bullfrog skeleton (D:11)
  2 iguanas
  6 worker ants
  2 human simulacra (D:10)
  2 hound zombies
  3 hound skeletons
  A worker ant zombie (D:5)
  11 gnolls
  12 adders
  3 shadow imps
  12 white imps (Lair:3)
  An adder zombie (D:5)
  3 worms
  4 dart slugs
  6 leopard geckos
  36 orcs
  2 ball pythons
  3 giant cockroaches
  5 goblins
  4 hobgoblins
  10 jackals
  6 kobolds
  6 quokkas
  A ball python skeleton (D:2)
  5 bats
  7 frilled lizards
  A leopard gecko skeleton (D:8)
  A quokka zombie (D:9)
  4 rats
364 creatures vanquished.

Vanquished Creatures (collateral kills)
  An orc wizard (D:6)
  An orc (D:6)
2 creatures vanquished.

Vanquished Creatures (others)
  A yak (IceCv)
  2 wolves (IceCv)
  A shadow imp (D:5)
  An orc (D:6)
  2 fungi (Lair:2)
  4 plants
11 creatures vanquished.

Grand Total: 377 creatures vanquished

Notes
Turn   | Place    | Note
-------+----------+-------------------------------------------
     0 | D:1      | Apogee the Centaur Hunter began the quest for the Orb.
     0 | D:1      | Reached XP level 1. HP: 17/17 MP: 1/1
   248 | D:1      | Reached XP level 2. HP: 12/24 MP: 2/2
  1162 | D:2      | Found an iron altar of Okawaru.
  1224 | D:2      | Became a worshipper of Warmaster Okawaru
  1284 | D:2      | Reached XP level 3. HP: 11/29 MP: 3/3
  2407 | D:3      | Noticed a +0 hand axe
  2407 | D:3      | Noticed a +0 dagger
  2408 | D:3      | Found a hide-covered altar of Uskayaw.
  2415 | D:3      | Reached XP level 4. HP: 28/37 MP: 4/4
  2687 | D:2      | Found a radiant altar of Vehumet.
  3053 | D:3      | Found a radiant altar of Vehumet.
  3522 | D:4      | Reached XP level 5. HP: 45/45 MP: 5/5
  3638 | D:4      | Found a shimmering blue altar of Sif Muna.
  4403 | D:4      | Reached * piety under Okawaru
  4716 | D:4      | Got a masterwork helmet
  4722 | D:4      | Identified the +2 helmet "Muggownao" {rElec} (You found it
                  | on level 4 of the Dungeon)
  4745 | D:4      | Reached XP level 6. HP: 48/52 MP: 6/6
  5216 | D:5      | Entered Level 5 of the Dungeon
  5216 | D:5      | Noticed a sky beast
  5273 | D:5      | Noticed an ice beast
  5276 | D:5      | Found Zopruob's Book Shop.
  5278 | D:5      | Noticed Sigmund
  5339 | D:5      | Found a snail-covered altar of Cheibriados.
  5438 | D:4      | Reached skill level 5 in Fighting
  5805 | D:4      | Killed a sky beast
  5967 | D:5      | Killed an ice beast
  5967 | D:5      | Reached XP level 7. HP: 61/61 MP: 7/7
  5989 | D:5      | Got a bound bone amulet
  6169 | D:5      | Reached ** piety under Okawaru
  6191 | D:5      | Noticed Edmund
  6238 | D:5      | Killed Edmund
  6724 | D:5      | Reached skill level 10 in Bows
  6896 | D:5      | Killed Sigmund
  6896 | D:5      | Reached XP level 8. HP: 70/71 MP: 8/8
  7416 | D:5      | Reached *** piety under Okawaru
  7649 | D:5      | Identified the amulet of Xucyeh {Inacc Str+5 Dex+2} (You
                  | found it on level 5 of the Dungeon)
  7728 | D:6      | Noticed Maggie
  8036 | D:6      | Received a gift from Okawaru
  8088 | D:6      | Killed Maggie
  8153 | D:6      | Found a staircase to the Ecumenical Temple.
  8607 | D:6      | Found an ornate altar of the Wu Jian Council.
  8623 | D:6      | Reached XP level 9. HP: 79/79 MP: 9/9
 10543 | D:7      | Reached **** piety under Okawaru
 11418 | D:8      | Noticed Grum
 11581 | D:8      | Killed Grum
 11742 | D:8      | Reached skill level 10 in Fighting
 11742 | D:8      | Reached XP level 10. HP: 93/93 MP: 10/10
 12127 | D:9      | Received a gift from Okawaru
 12267 | D:9      | Found a burning altar of Makhleb.
 12546 | D:9      | Noticed Erica
 12605 | D:9      | Killed Erica
 12605 | D:9      | Reached ***** piety under Okawaru
 12660 | D:9      | Received a gift from Okawaru
 12971 | D:9      | Found Ihacvat's Weapon Boutique.
 13007 | D:9      | Found a sacrificial altar of Ru.
 13009 | D:9      | Found a glowing golden altar of the Shining One.
 13026 | D:9      | Found a shattered altar of Ashenzari.
 13193 | D:10     | Entered Level 10 of the Dungeon
 13475 | D:10     | Received a gift from Okawaru
 13792 | D:10     | Found a staircase to the Lair.
 13993 | D:10     | Noticed a two-headed ogre
 14021 | D:10     | Killed a two-headed ogre
 14428 | D:11     | Received a gift from Okawaru
 14428 | D:11     | Reached XP level 11. HP: 101/107 MP: 11/11
 14697 | D:11     | Noticed a two-headed ogre
 14721 | D:11     | Killed a two-headed ogre
 14721 | D:11     | Reached skill level 1 in Armour
 14721 | D:11     | Reached skill level 1 in Invocations
 15126 | D:11     | Found Temasohu's Jewellery Shop.
 15662 | D:12     | Noticed a purple ugly thing
 15689 | D:12     | Noticed a centaur warrior
 15792 | Lair:1   | Entered Level 1 of the Lair of Beasts
 16854 | Lair:2   | Found a staircase to the Snake Pit.
 17008 | Lair:2   | Found a staircase to the Swamp.
 17091 | Lair:2   | Noticed a five-headed hydra
 17097 | Lair:2   | Killed a five-headed hydra
 17178 | Lair:2   | Reached ****** piety under Okawaru
 17211 | Lair:2   | Received a gift from Okawaru
 17442 | Lair:2   | Received a gift from Okawaru
 17473 | Lair:2   | Reached skill level 5 in Armour
 17495 | Lair:2   | Received a gift from Okawaru
 17670 | Lair:2   | Reached XP level 12. HP: 117/117 MP: 15/15
 17924 | Lair:2   | Received a gift from Okawaru
 17988 | Lair:2   | Got an iridescent demon whip {god gift}
 18158 | Lair:3   | Found a frozen archway.
 18192 | IceCv    | Entered an ice cave
 18839 | IceCv    | Identified the +8 demon whip of Connep {antimagic, *Slow
                  | +Blink Int-5 Stlth+} (Okawaru gifted it to you on level 2
                  | of the Lair of Beasts)
 19468 | IceCv    | Received a gift from Okawaru
 19697 | IceCv    | Noticed a death yak
 19715 | IceCv    | Killed a death yak
 19880 | IceCv    | Noticed a frost giant
 19881 | IceCv    | Noticed a death yak
 19889 | IceCv    | Gained mutation: You are partially covered in molten
                  | scales. (AC +2) [potion of mutation]
 19889 | IceCv    | Gained mutation: You have a pair of small horns on your
                  | head. [potion of mutation]
 19889 | IceCv    | Gained mutation: You are mostly covered in molten scales.
                  | (AC +3) [potion of mutation]
 19889 | IceCv    | Gained mutation: You have a pair of horns on your head.
                  | [potion of mutation]
 19889 | IceCv    | HP: 5/117 [something (5)]
 19889 | IceCv    | Killed from afar by a frost giant

Illustrated notes

Levels and vault maps discovered:
D:1:      tarquinn_simple_flora_water_e, layout_basic
D:2:      lemuel_upstairs_altar, layout_basic, lemuel_doored_altar,
          minmay_ruptured
D:3:      layout_basic, vehumet_crystals, dancing_weapons_uskayaw,
          minmay_misc_feat_more_columns, minmay_misc_feat_four_crosses
D:4:      layout_loops_ring, lemuel_crystal_altar
D:5:      cheibrodos_two_vegetables, layout_rooms, slow_altar_1, serial_shops,
          shop_coins, first_ration, minivault_5, uniq_sigmund, uniq_edmund
D:6:      layout_layer_cave, minmay_temple_entry_statues, basic_altar,
          uniq_maggie
D:7:      layout_cave_pools
D:8:      layout_cave_pools, uniq_grum
D:9:      layout_rooms, grunt_temple_overflow_open, old_standard_altar,
          serial_shops, shop, uniq_erica
D:10:     layout_basic, erik_lair_orcish_takeover, grunt_ogre_cave,
          bh_circular_ruins
D:11:     layout_roguey, minmay_shop_enchanted_jewellery
D:12:     layout_rooms, orc_0_dummy, special_room [special_room_bee],
          item_on_display_a, uniq_erolcha
Lair:1:   layout_concentric_octagons, lemuel_fruit_tree
Lair:2:   layout_regular_city, skrybe_swamp_entry_bodies,
          guppyfry_snake_entry_island
Lair:3:   layout_roguey, portal_ice_cave_entry_imps,
          chequers_serial_rivers_large_a
IceCv:    ice_cave_caverns_02

Skill      XL: |  1  2  3  4  5  6  7  8  9 10 11 12 |
---------------+-------------------------------------+-----
Bows           | 6 7 8 10 12 14 | 14.0
Fighting       | 3 4 5 6 7 10 13 14 | 14.0
Armour         | 5 8 |  8.0
Invocations    | 4 |  4.0
Dodging        | 2 4 |  4.8
Short Blades   | |  0.6
Stealth        | |  0.4

Action                   |  1- 3 |  4- 6 |  7- 9 | 10-12 || total
-------------------------+-------+-------+-------+-------++-------
Melee: Short sword       |   144 |   192 |   222 |    63 ||   621
       Kick              |    33 |    36 |    64 |    19 ||   152
       Punch             |       |       |     1 |       ||     1
 Fire: Shortbow          |       |    64 |   379 |   822 ||  1265
       Longbow           |       |       |       |   102 ||   102
Invok: Heroism           |       |       |     3 |     3 ||     6
Evoke: Wand              |       |       |     2 |       ||     2
  Use: Potion            |       |     4 |       |     1 ||     5
       Scroll            |       |       |     6 |     5 ||    11
  Eat: Chunk             |     4 |     9 |    13 |    19 ||    45
       Ration            |       |       |     1 |       ||     1
Armor: Leather armour    |    20 |       |       |       ||    20
       Plate armour      |    35 |       |       |    83 ||   118
       Chain mail        |    43 |   137 |    54 |       ||   234
       Scale mail        |       |       |   178 |   109 ||   287
Dodge: Dodged            |    40 |    42 |   103 |   129 ||   314
